 Dungeon Crawl Stone Soup version 0.24-a0-784-g601f8f6d22 (webtiles) character file.

Game seed: 18427861974575115127, levelgen mode: deterministic

57 Arixos the Ducker (level 3, -2/16 HPs)
             Began as a Felid Transmuter on Oct 9, 2019.
             Slain by a mummy (18 damage)
             ... in an ossuary.
             The game lasted 00:13:58 (4345 turns).

Arixos the Ducker (Felid Transmuter)                Turns: 4345, Time: 00:13:59

Health: -2/16      AC:  2    Str:  6    XL:     3   Next: 73%
Magic:  4/7        EV: 22    Int: 15    God:
Gold:   176        SH:  0    Dex: 21    Spells: 1/7 levels left
                                        Lives:  0   Deaths: 1

rFire    + . .     SeeInvis +     - Unarmed
rCold    . . .     Gourm    .   (shield unavailable)
rNeg     . . .     Faith    .   (armour unavailable)
rPois    x         Spirit   .   (helmet unavailable)
rElec    .         Reflect  .   (cloak unavailable)
rCorr    .         Harm     .   (gloves unavailable)
MR       +....                  (boots unavailable)
Stlth    ++........             (no amulet)
HPRegen  0.05/turn              b - ring of protection from magic
MPRegen  0.10/turn              h - ring of protection from fire

@: spider-form
A: tiny, no armour, no weapons or thrown items, stealth, see invisible,
carnivore, slow metabolism 1
a: End Transformation


You were in an ossuary.
You were not hungry.
You were a venomous arachnid creature.
You visited 1 branch of the dungeon, and saw 4 of its levels.
You also visited: Ossuary.

You collected 176 gold pieces.

Inventory:

Missiles
 a - 12 arrows
Jewellery
 b - a ring of protection from magic (left front leg)
 h - a ring of protection from fire (right front leg)
Scrolls
 d - 3 scrolls of identify {unknown}
 j - a scroll of enchant armour {unknown}
 k - a scroll of fear {unknown}
 l - a scroll of amnesia {unknown}
 m - a scroll of remove curse {unknown}
Potions
 e - 3 potions of haste {unknown}
 f - a potion of berserk rage {unknown}
 g - 3 potions of degeneration {unknown}
 i - 2 potions of curing {unknown}
Comestibles
 c - 6 rations
 n - 2 chunks of flesh


   Skills:
 + Level 1.9 Fighting
 + Level 3.6 Dodging
 + Level 2.2 Stealth
 + Level 3.4 Unarmed Combat
 + Level 2.5 Spellcasting
 + Level 2.9 Transmutations
 + Level 1.0 Poison Magic


You had one spell level left.
You knew the following spells:

 Your Spells              Type           Power        Failure   Level  Hunger
a - Beastly Appendage     Tmut           ##....       17%         1    #......
d - Sticks to Snakes      Tmut           ##......     24%         2    ###....
s - Spider Form           Tmut/Pois      #.........   50%         3    ###....

Your spell library contained the following spells:

 Spells                   Type           Power        Failure   Level  Hunger
 Ice Form                 Ice/Tmut       #.......     89%         4    #####..
 Blade Hands              Tmut           ##........   96%         5    ######.


Dungeon Overview and Level Annotations

Branches:
Dungeon (4/15)            Ossuary (1/1)
 Temple: D:4-7

Altars:
Nemelex Xobeh
Wu Jian


Innate Abilities, Weirdness & Mutations

You cannot wear armour.
You are incapable of wielding weapons or throwing items.
Your paws allow you to move quietly. (Stealth)
((You have sharp claws.))
((You have razor-sharp teeth.))
You have supernaturally acute eyesight. (SInv)
You are carnivorous and can eat meat at any time.
((You cover ground quickly.))
((You are covered in fur. (AC +1)))
You have a slow metabolism.
((Your sharp claws are effective at attacking unaware monsters.))


Message History

The mummy is heavily damaged.
Your transformation is almost over.
You hit the mummy.
The mummy is heavily damaged.
The mummy hits you!!
Ouch! That really hurt!
You die...
Your shape twists and changes as you die.
You are now level 3!
Your transformation has ended.
You rejoin the land of the living...
Casting: Spider Form (safe; 28% risk of failure)
Confirm with . or Enter, or press ? or * to list all spells.
You turn into a venomous arachnid creature.
The mummy completely misses you.
You completely miss the mummy.
The mummy is heavily damaged.
The mummy hits you!!
Ouch! That really hurt!
You die...

##### #!.?#
#.M?# #.#
###+### #.#
##.....## ##.+
##^......###..#
#.......sM#...+
+^...⌠....'†..#
#.........#...+
##.......###..#
##.....## ##.+
###'### #.# #.#
#.# ##.## ..
#.∩.# .


You could see a mummy.

Vanquished Creatures
  An orc priest (D:3)
  A mummy (Ossuary)
  An adder (D:2)
  2 dart slugs
  2 leopard geckos (D:1)
  5 orcs (D:3)
  2 giant cockroaches
  5 goblins
  6 hobgoblins
  11 jackals (D:2)
  3 kobolds
  3 quokkas (D:2)
  3 ball pythons
  6 bats
  2 rats (D:1)
53 creatures vanquished.

Notes
Turn   | Place    | Note
-------+----------+-------------------------------------------
     0 | D:1      | Arixos the Felid Transmuter began the quest for the Orb.
     0 | D:1      | Reached XP level 1. HP: 9/9 MP: 4/4
   337 | D:1      | Reached XP level 2. HP: 12/12 MP: 6/6
   341 | D:1      | Learned a level 2 spell: Sticks to Snakes
   388 | D:1      | Reached skill level 1 in Stealth
  1882 | D:2      | Reached XP level 3. HP: 11/15 MP: 7/7
  2065 | D:2      | Learned a level 3 spell: Spider Form
  2840 | D:2      | Found a sparkling altar of Nemelex Xobeh.
  3376 | D:3      | Found an ornate altar of the Wu Jian Council.
  3801 | D:3      | Reached XP level 4. HP: 19/19 MP: 6/8
  4238 | D:4      | Reached skill level 1 in Poison Magic
  4295 | D:4      | Found a sand-covered staircase.
  4304 | Ossuary  | Entered an ossuary
  4337 | Ossuary  | Slain by a mummy
  4338 | Ossuary  | Reached XP level 3. HP: -1/16 MP: 6/7
  4345 | Ossuary  | Slain by a mummy

Levels and vault maps discovered:
D:1:      dpeg_arrival_another_circle, layout_basic
D:2:      layout_loops_corners, nemelex_xobeh_ov_fountains_minmay, first_ration,
          kennysheep_crisscross, minmay_pentomino_t2
D:3:      layout_basic, demons_altar, lemuel_round_altar, chequers_mini_garden
D:4:      cheibrodos_helix_gallery, layout_loops_ring, lemuel_round_altar,
          kennysheep_mini_moat, nicolae_ru_great_annihilating_truth,
          chequers_ossuary_entry_cave
Ossuary:  ossuary_crypta

Skill      XL: |  1  2  3  4 |
---------------+-------------+-----
Stealth        | 1 2 |  2.2
Dodging        | 3 |  3.6
Poison Magic   | 1 |  1.0
Fighting       | |  1.9
Unarmed Combat | |  3.4
Spellcasting   | |  2.5
Transmutations | |  2.9

Action                   |  1- 3 |  4- 6 || total
-------------------------+-------+-------++-------
Melee: Unarmed           |   141 |    31 ||   172
       Headbutt          |    10 |     2 ||    12
       Bite              |     7 |     2 ||     9
       Punch             |     1 |       ||     1
 Cast: Beastly Appendage |    18 |     3 ||    21
       Spider Form       |     4 |     2 ||     6
 Stab: Sleeping          |     6 |     1 ||     7
  Eat: Chunk             |    14 |     1 ||    15
Armor: Skin              |     3 |     4 ||     7
Dodge: Dodged            |   130 |    37 ||   167

Table legend:
 A = Non-vault XP
 B = Vault XP
 C = Vault XP percentage of total XP
 D = Non-vault monster count
 E = Vault monster count
 F = Vault count percentage of total count
                 A         B        C        D         E       F
            +---------+---------+-------+---------+---------+-------
      Total |     151 |      20 |  11.7 |      50 |       3 |   5.7
            +---------+---------+-------+---------+---------+-------
        D:1 |      29 |       0 |   0.0 |      16 |       0 |   0.0
        D:2 |      51 |       4 |   7.3 |      20 |       2 |   9.1
        D:3 |      65 |       0 |   0.0 |      12 |       0 |   0.0
        D:4 |       6 |       0 |   0.0 |       2 |       0 |   0.0
    Ossuary |       0 |      16 | 100.0 |       0 |       1 | 100.0
            +---------+---------+-------+---------+---------+-------
